NWL (28 & UNDER)
RED DEER WRANGLERS @ MOOSE JAW GHOSTBUSTERS
09/14/2024
 
TOP OF THE 1ST
Red Deer Wranglers batting - Pitching for Moose Jaw Ghostbusters : RHP Máximo Marín
Pitching: RHP Máximo Marín
Batting: LHB Jorge Olvera 0-0: Ball
1-0: Foul Ball, location: 2F
1-1: Ball
2-1: Foul Ball, location: 2F
2-2: Strikes out swinging
Batting: RHB Paul Swift 0-0: Ball
1-0: Ball
2-0: Ball
3-0: Base on Balls
Batting: RHB Todd Bryant 0-0: Ball
1-0: Called Strike
Reached via error on a dropped throw, E1
Paul Swift to second
Batting: LHB Del Kennedy 0-0: Ball
1-0: Foul Ball, location: 2F
1-1: Foul Ball, location: 2F
1-2: Foul Ball, location: 2F
1-2: Ball
2-2: Foul Ball, location: 2F
2-2: Foul Ball, location: 2F
2-2: Strikes out swinging
Batting: RHB Orlando Núñes 0-0: Ball
1-0: Ball
2-0: Foul Ball, location: 2F
2-1: Ball
3-1: Base on Balls
Paul Swift to third
Todd Bryant to second
Batting: RHB Carlos Peña 0-0: Ball
1-0: Called Strike
1-1: Called Strike
1-2: Ball
2-2: Foul Ball, location: 2F
2-2: Foul Ball, location: 2F
2-2: Ground out 3-1 (Groundball, 34)
Top of the 1st over - 0 run(s), 0 hit(s), 1 error(s), 3 left on base; Red Deer 0 - Moose Jaw 0
BOTTOM OF THE 1ST
Moose Jaw Ghostbusters batting - Pitching for Red Deer Wranglers : RHP José Pérez
Pitching: RHP José Pérez
Batting: RHB John Major 0-0: Ball
1-0: Called Strike
1-1: Ball
2-1: Ball
3-1: Base on Balls
Batting: LHB Will Vale 0-0: Ball
1-0: Called Strike
1-1: Ball
2-1: Ball
3-1: Swinging Strike
3-2: Foul Ball, location: 2F
3-2: Strikes out looking
Batting: RHB Shawn Bane 0-0: Ball
1-0: Swinging Strike
1-1: Ball
2-1: Ball
3-1: Base on Balls
John Major to second
Batting: RHB Paco Hernández 0-0: Ball
John Major steals 3rd base
Shawn Bane to second
1-0: Ball
2-0: Called Strike
2-1: Ball
3-1: Called Strike
3-2: Foul Ball, location: 2F
3-2: Base on Balls
Batting: LHB Dave Stewart 0-0: Swinging Strike
0-1: Ground out 3-1 (Groundball, 34)
John Major scores
Shawn Bane to third
Paco Hernández to second
Batting: RHB David Hernández 0-0: Ball
1-0: Ground out 6-3 (Groundball, 6)
Bottom of the 1st over - 1 run(s), 0 hit(s), 0 error(s), 2 left on base; Red Deer 0 - Moose Jaw 1
TOP OF THE 2ND
Red Deer Wranglers batting - Pitching for Moose Jaw Ghostbusters : RHP Máximo Marín
Batting: LHB Greg Nelson 0-0: Called Strike
0-1: Swinging Strike
0-2: Ball
1-2: Ball
2-2: Strikes out swinging
Batting: RHB John McDonald 0-0: Ball
1-0: Ball
2-0: Swinging Strike
2-1: Ball
3-1: Called Strike
3-2: Strikes out swinging
Batting: RHB Oliver Harris 0-0: Called Strike
0-1: Ground out 6-3 (Groundball, 6)
Top of the 2nd over - 0 run(s), 0 hit(s), 0 error(s), 0 left on base; Red Deer 0 - Moose Jaw 1
BOTTOM OF THE 2ND
Moose Jaw Ghostbusters batting - Pitching for Red Deer Wranglers : RHP José Pérez
Batting: RHB Greg King 0-0: Swinging Strike
0-1: Called Strike
0-2: Strikes out swinging
Batting: LHB Enrique Valentín 0-0: Ball
1-0: Ground out 4-3 (Groundball, 4M)
Batting: LHB Carlos López 0-0: Ball
1-0: Foul Ball, location: 2F
1-1: Swinging Strike
1-2: Ball
2-2: Ball
3-2: Foul Ball, location: 2F
3-2: Foul Ball, location: 2F
3-2: Base on Balls
Batting: RHB John Major 0-0: Ball
1-0: Ball
2-0: Ball
3-0: Called Strike
3-1: SINGLE (Flyball, 89S)
Carlos López to second
Runner from 2nd tries for 3rd, SAFE, throw made to third
Batting: LHB Will Vale 0-0: Foul Ball, location: 2F
0-1: Called Strike
0-2: Ball
1-2: Ball
2-2: Foul Ball, location: 2F
2-2: Foul Ball, location: 2F
2-2: Foul Ball, location: 2F
2-2: Ball
3-2: Base on Balls
John Major to second
Batting: RHB Shawn Bane 0-0: Foul Ball, location: 2F
0-1: Ball
1-1: Ball
2-1: Ball
3-1: Base on Balls
Carlos López scores
John Major to third
Will Vale to second
Batting: RHB Paco Hernández 0-0: Swinging Strike
0-1: Ball
1-1: Ball
2-1: Called Strike
2-2: Strikes out swinging
Bottom of the 2nd over - 1 run(s), 1 hit(s), 0 error(s), 3 left on base; Red Deer 0 - Moose Jaw 2
TOP OF THE 3RD
Red Deer Wranglers batting - Pitching for Moose Jaw Ghostbusters : RHP Máximo Marín
Batting: LHB Jorge Olvera 0-0: Ball
1-0: Ball
2-0: Ball
3-0: Called Strike
3-1: Foul Ball, location: 2F
3-2: Foul Ball, location: 2F
3-2: Ground out U3 (Groundball, 3)
Batting: RHB Paul Swift 0-0: Ground out 3-1 (Groundball, 3)
Batting: RHB Todd Bryant 0-0: Ball
1-0: Ball
2-0: Ball
3-0: Base on Balls
Batting: LHB Del Kennedy 0-0: Ball
1-0: Ball
2-0: Fielders Choice at 2nd, 6-4 (Groundball, 6MS)
Top of the 3rd over - 0 run(s), 0 hit(s), 0 error(s), 0 left on base; Red Deer 0 - Moose Jaw 2
BOTTOM OF THE 3RD
Moose Jaw Ghostbusters batting - Pitching for Red Deer Wranglers : RHP José Pérez
Batting: LHB Dave Stewart 0-0: Ball
1-0: Ball
2-0: Called Strike
2-1: Swinging Strike
2-2: Strikes out looking
Batting: RHB David Hernández 0-0: Ball
1-0: Ground out 4-3 (Groundball, 4M)
Batting: RHB Greg King 0-0: Ball
1-0: Ball
2-0: Foul Ball, location: 2F
2-1: Called Strike
2-2: Strikes out swinging
Bottom of the 3rd over - 0 run(s), 0 hit(s), 0 error(s), 0 left on base; Red Deer 0 - Moose Jaw 2
TOP OF THE 4TH
Red Deer Wranglers batting - Pitching for Moose Jaw Ghostbusters : RHP Máximo Marín
Batting: RHB Orlando Núñes 0-0: Ball
1-0: SINGLE (Flyball, 8RS)
Batting: RHB Carlos Peña 0-0: Ball
1-0: Swinging Strike
1-1: Foul Ball, location: 2F
1-2: Strikes out swinging
Batting: LHB Greg Nelson 0-0: Ball
1-0: Foul Ball, location: 2F
1-1: Ball
2-1: Foul Ball, location: 2F
2-2: Foul Ball, location: 2F
2-2: Strikes out swinging
Batting: RHB John McDonald 0-0: Called Strike
0-1: Ball
1-1: Ball
2-1: Called Strike
2-2: Foul Ball, location: 2F
2-2: Fielders Choice at 2nd, U4 (Groundball, 4M)
Top of the 4th over - 0 run(s), 1 hit(s), 0 error(s), 1 left on base; Red Deer 0 - Moose Jaw 2
BOTTOM OF THE 4TH
Moose Jaw Ghostbusters batting - Pitching for Red Deer Wranglers : RHP José Pérez
Batting: LHB Enrique Valentín 0-0: Called Strike
0-1: Ball
1-1: Foul Ball, location: 2F
1-2: Ground out U3 (Groundball, 3)
Batting: LHB Carlos López 0-0: Called Strike
0-1: Ball
1-1: Foul Ball, location: 2F
1-2: Strikes out swinging
Batting: RHB John Major 0-0: Called Strike
0-1: Ball
1-1: Ball
2-1: Fly out, F8 (Flyball, 8LD)
Bottom of the 4th over - 0 run(s), 0 hit(s), 0 error(s), 0 left on base; Red Deer 0 - Moose Jaw 2
TOP OF THE 5TH
Red Deer Wranglers batting - Pitching for Moose Jaw Ghostbusters : RHP Máximo Marín
Batting: RHB Oliver Harris 0-0: Ball
1-0: Ball
2-0: Called Strike
2-1: Ball
3-1: Foul Ball, location: 2F
3-2: Foul Ball, location: 2F
3-2: Strikes out looking
Batting: LHB Jorge Olvera 0-0: Ball
1-0: Called Strike
1-1: Foul Ball, location: 2F
1-2: SINGLE (Flyball, 7S)
Batting: RHB Paul Swift 0-0: Ball
1-0: Swinging Strike
1-1: Ball
2-1: Ball
3-1: Fly out, F9 (Flyball, 9M)
Batting: RHB Todd Bryant 0-0: Called Strike
0-1: Ball
1-1: Ball
2-1: Swinging Strike
2-2: Ball
3-2: Strikes out swinging
Top of the 5th over - 0 run(s), 1 hit(s), 0 error(s), 1 left on base; Red Deer 0 - Moose Jaw 2
BOTTOM OF THE 5TH
Moose Jaw Ghostbusters batting - Pitching for Red Deer Wranglers : RHP José Pérez
Batting: LHB Will Vale 0-0: Called Strike
0-1: Ball
1-1: Called Strike
1-2: Strikes out swinging
Batting: RHB Shawn Bane 0-0: Ball
1-0: Called Strike
1-1: Swinging Strike
1-2: Ball
2-2: Foul Ball, location: 2F
2-2: Ball
3-2: Strikes out swinging
Batting: RHB Paco Hernández 0-0: Ball
1-0: Called Strike
1-1: Swinging Strike
1-2: Foul Ball, location: 2F
1-2: Ball
2-2: Foul Ball, location: 2F
2-2: Ball
3-2: Foul Ball, location: 2F
3-2: Strikes out swinging
Bottom of the 5th over - 0 run(s), 0 hit(s), 0 error(s), 0 left on base; Red Deer 0 - Moose Jaw 2
TOP OF THE 6TH
Red Deer Wranglers batting - Pitching for Moose Jaw Ghostbusters : RHP Máximo Marín
Pitching: RHP José Ortíz
Batting: LHB Del Kennedy 0-0: Fly out, F8 (Flyball, 8RM)
Batting: RHB Orlando Núñes 0-0: Called Strike
0-1: Ball
1-1: Ball
2-1: Foul Ball, location: 2F
2-2: Ball
3-2: Foul Ball, location: 2F
3-2: Ground out 6-3 (Groundball, 6M)
Batting: RHB Carlos Peña 0-0: Ball
1-0: Ball
2-0: Called Strike
2-1: Fly out, F8 (Line Drive, 8LS)
Top of the 6th over - 0 run(s), 0 hit(s), 0 error(s), 0 left on base; Red Deer 0 - Moose Jaw 2
BOTTOM OF THE 6TH
Moose Jaw Ghostbusters batting - Pitching for Red Deer Wranglers : RHP José Pérez
Pitching: RHP Alonso Costello
Batting: LHB Dave Stewart 0-0: Swinging Strike
0-1: Ball
1-1: SINGLE (Line Drive, 56D)
Batting: RHB David Hernández 0-0: Ball
1-0: Ball
2-0: Grounds into double play, 3-6-3 (Groundball, 3)
Batting: RHB Greg King 0-0: Called Strike
0-1: Called Strike
0-2: Ball
1-2: Ball
2-2: Foul Ball, location: 2F
2-2: Ball
3-2: Strikes out swinging
Bottom of the 6th over - 0 run(s), 1 hit(s), 0 error(s), 0 left on base; Red Deer 0 - Moose Jaw 2
TOP OF THE 7TH
Red Deer Wranglers batting - Pitching for Moose Jaw Ghostbusters : RHP José Ortíz
Batting: LHB Greg Nelson 0-0: Ball
1-0: Ball
2-0: Ball
3-0: Called Strike
3-1: SINGLE (Flyball, 89S)
Batting: RHB John McDonald 0-0: Called Strike
0-1: SINGLE (Groundball, 34D)
Greg Nelson to second
Runner from 2nd tries for 3rd, SAFE, throw made to third
Pinch Hitting: LHB Enrico Vargas 0-0: Ball
1-0: Foul Ball, location: 2F
1-1: Foul Ball, location: 2F
1-2: Foul Ball, location: 2F
1-2: Ball
2-2: Strikes out swinging
Pinch Hitting: LHB José Suárez 0-0: Fly out, F7 (Flyball, 7LM)
Runner from 3rd tags up, SCORES, throw made
Batting: RHB Paul Swift 0-0: Called Strike
0-1: Ball
John McDonald steals 2nd base
Balk!
John McDonald to third
1-1: Foul Ball, location: 2F
1-2: Ball
2-2: Ball
3-2: Strikes out swinging
Top of the 7th over - 1 run(s), 2 hit(s), 0 error(s), 1 left on base; Red Deer 1 - Moose Jaw 2
BOTTOM OF THE 7TH
Moose Jaw Ghostbusters batting - Pitching for Red Deer Wranglers : RHP Alonso Costello
Now at 1B: Max Duncan
Now in CF: José Suárez
Batting: LHB Enrique Valentín 0-0: Ball
1-0: Ball
2-0: Called Strike
2-1: Reached on Error, E8 (Flyball, 8LM)
Batting: LHB Carlos López 0-0: Ball
Enrique Valentín is caught stealing 2nd base
1-0: Foul Ball, location: 2F
1-1: Foul Ball, location: 2F
1-2: Foul Ball, location: 2F
1-2: Foul Ball, location: 2F
1-2: DOUBLE (Groundball, 5)
Batting: RHB John Major 0-0: Ball
1-0: Called Strike
1-1: Called Strike
1-2: Strikes out swinging
Batting: LHB Will Vale 0-0: Ball
1-0: Ball
2-0: Ball
3-0: Foul Ball, location: 2F
3-1: Base on Balls
Batting: RHB Shawn Bane 0-0: Ball
1-0: Ball
2-0: Ball
3-0: Base on Balls
Carlos López to third
Will Vale to second
Batting: RHB Paco Hernández 0-0: Swinging Strike
0-1: Swinging Strike
0-2: Foul Ball, location: 2F
0-2: Ground out 3-1 (Groundball, 34S)
Bottom of the 7th over - 0 run(s), 1 hit(s), 1 error(s), 3 left on base; Red Deer 1 - Moose Jaw 2
TOP OF THE 8TH
Red Deer Wranglers batting - Pitching for Moose Jaw Ghostbusters : RHP José Ortíz
Pitching: RHP Juan Rodríguez
Now at C: Alberto Sandoval
Batting: RHB Todd Bryant 0-0: Foul Ball, location: 2F
0-1: Swinging Strike
0-2: Ball
1-2: Strikes out swinging
Batting: LHB Del Kennedy 0-0: Ball
1-0: Foul Ball, location: 2F
1-1: SOLO HOME RUN (Flyball, 8RXD), Distance : 426 ft
Pitching: RHP Ken Rogers
Batting: RHB Orlando Núñes 0-0: Foul Ball, location: 2F
0-1: Ball
1-1: Ball
2-1: Called Strike
2-2: Ball
3-2: Fly out, F7 (Line Drive, 78XD)
Batting: RHB Carlos Peña 0-0: Ball
1-0: Swinging Strike
1-1: Fly out, F7 (Flyball, 7M)
Top of the 8th over - 1 run(s), 1 hit(s), 0 error(s), 0 left on base; Red Deer 2 - Moose Jaw 2
BOTTOM OF THE 8TH
Moose Jaw Ghostbusters batting - Pitching for Red Deer Wranglers : RHP Alonso Costello
Pitching: RHP Russell Cooper
Batting: LHB Dave Stewart 0-0: Called Strike
0-1: Ball
1-1: Foul Ball, location: 2F
1-2: Ball
2-2: Ball
3-2: Fly out, F7 (Flyball, 7M)
Pinch Hitting: RHB Ángel García 0-0: Ball
1-0: Ball
2-0: Called Strike
2-1: Foul Ball, location: 2F
2-2: Foul Ball, location: 2F
2-2: Ball
3-2: Strikes out looking
Pinch Hitting: RHB Luis Miguel Sánchez 0-0: Ball
1-0: Fly out, F8 (Flyball, 8RM)
Bottom of the 8th over - 0 run(s), 0 hit(s), 0 error(s), 0 left on base; Red Deer 2 - Moose Jaw 2
TOP OF THE 9TH
Red Deer Wranglers batting - Pitching for Moose Jaw Ghostbusters : RHP Ken Rogers
Pitching: RHP Whit Johnson
Now at 2B: Luis Miguel Sánchez
Now at 3B: Ángel García
Batting: LHB Greg Nelson 0-0: Ball
1-0: Fly out, F8 (Flyball, 8RS)
Batting: RHB John McDonald 0-0: Ball
1-0: Foul Ball, location: 2F
1-1: Ground out 5-3 (Groundball, 5)
Pinch Hitting: SHB José López 0-0: Ball
1-0: Foul Ball, location: 2F
1-1: Swinging Strike
1-2: Strikes out looking
Top of the 9th over - 0 run(s), 0 hit(s), 0 error(s), 0 left on base; Red Deer 2 - Moose Jaw 2
BOTTOM OF THE 9TH
Moose Jaw Ghostbusters batting - Pitching for Red Deer Wranglers : RHP Russell Cooper
Now at 1B: Andrew Veeck
Batting: LHB Enrique Valentín 0-0: Foul Ball, location: 2F
0-1: Fly out, F7 (Flyball, 7M)
Batting: LHB Carlos López 0-0: Called Strike
0-1: Ball
1-1: Ball
2-1: Ball
3-1: Called Strike
3-2: Ground out 2-3 (Groundball, 2R)
Batting: RHB John Major 0-0: Ball
1-0: Called Strike
1-1: Ball
2-1: Fly out, F8 (Flyball, 8LXD)
Bottom of the 9th over - 0 run(s), 0 hit(s), 0 error(s), 0 left on base; Red Deer 2 - Moose Jaw 2
TOP OF THE 10TH
Red Deer Wranglers batting - Pitching for Moose Jaw Ghostbusters : RHP Whit Johnson
Batting: LHB José Suárez 0-0: Called Strike
0-1: Called Strike
0-2: Ball
1-2: Ball
2-2: Foul Ball, location: 2F
2-2: Ball
3-2: Foul Ball, location: 2F
3-2: Base on Balls
Batting: RHB Paul Swift 0-0: Ball
1-0: Swinging Strike
1-1: SINGLE (Line Drive, 8LS)
José Suárez to second
Batting: RHB Todd Bryant 0-0: Swinging Strike
0-1: Ground out 4-3 (Groundball, 4M)
José Suárez to third
Paul Swift to second
Batting: LHB Del Kennedy 0-0: Ball
1-0: Ball
2-0: Called Strike
2-1: Foul Ball, location: 2F
2-2: Ball
3-2: SINGLE (Line Drive, 7LS)
José Suárez scores
Paul Swift to third
Runner from 3rd tries for Home, SAFE, throw made home
Del Kennedy to second
Batting: RHB Orlando Núñes 0-0: Intentional Walk
Pitching: RHP José Estrada
Batting: RHB Carlos Peña 0-0: Called Strike
0-1: Fielders Choice at 2nd, 6-4 (Groundball, 6)
Del Kennedy to third
Batting: LHB Greg Nelson 0-0: Ball
1-0: Fly out, F7 (Line Drive, 78D)
Top of the 10th over - 2 run(s), 2 hit(s), 0 error(s), 2 left on base; Red Deer 4 - Moose Jaw 2
BOTTOM OF THE 10TH
Moose Jaw Ghostbusters batting - Pitching for Red Deer Wranglers : RHP Russell Cooper
Pitching: LHP Manuel Gil
Batting: LHB Will Vale 0-0: SINGLE (Line Drive, 56D)
Batting: RHB Alberto Sandoval 0-0: Called Strike
0-1: Ball
1-1: Foul Ball, location: 2F
1-2: SINGLE (Groundball, 56D)
Will Vale to second
Batting: RHB Paco Hernández 0-0: Called Strike
0-1: Ball
1-1: Ball
2-1: Grounds into double play, 4-6-3 (Groundball, 4)
Will Vale to third
Batting: LHB Dave Stewart 0-0: SINGLE (Line Drive, 4M)
Will Vale scores
Batting: RHB Ángel García 0-0: Called Strike
0-1: Ball
1-1: Ball
2-1: Foul Ball, location: 2F
2-2: Reached on error, E5 (Groundball, 5)
Dave Stewart to second
Batting: RHB Luis Miguel Sánchez 0-0: Called Strike
0-1: Swinging Strike
0-2: Ball
1-2: 3-RUN HOME RUN (Flyball, 78XD), Distance : 405 ft
This league is powered by Out of the Park Baseball, the baseball management simulation game for PC, Mac and Linux
Saturday, April 9th, 2016 - OOTP Baseball 16.8 Build 38